[Event "*** SCC Grand Prix: Titled Tuesday Blitz"]
[Site "Chess.com"]
[Date "2020.09.29"]
[Round "9"]
[White "GregShahade"]
[Black "Djager97"]
[Result "1-0"]
[WhiteElo "2634"]
[BlackElo "2470"]
[TimeControl "180+1"]
[EndTime "11:45:02 PDT"]
[Termination "GregShahade won by resignation"]

1. e4 e5 2. Nf3 Nc6 3. Bb5 a6 4. Ba4 Nf6 5. O-O Be7 6. Re1 b5 7. Bb3 d6 8. c3 O-O 9. h3 Nb8 10. d4 Nbd7 11. Nbd2 Bb7 12. Bc2 Re8 13. Nf1 Bf8 14.
Ng3 g6 15. a4 Bg7 16. Bd3 exd4 17. cxd4 c5 18. axb5 axb5 19. Rxa8 Bxa8 20. Bxb5 cxd4 21.
Nxd4 Nxe4 22. Nxe4 Rxe4 23. Nc6 Qe8 24. Be3 Nb8 25. Nd4 Qe7 26. Nf3 Bb7 27. b3 Nd7 28. Qd2 Ne5 29. Nxe5 Rxe5 30. Bc4 d5 31. Be2 Rf5 32.
Bb6 Qe4 33. Bd3 Qf4 34. Qxf4 Rxf4 35. Re8+ Bf8 36. Bc5 Kg7 37. Bxf8+ Kf6 38. Be7+ Kg7 39. Bf8+ Kf6 40. Rb8 Rd4 41. Rxb7 Rxd3 42. Bc5 Rd1+ 43.
Kh2 d4 44. Rd7 d3 45. Be3 Ke6 46. Rd4 f5 47. b4 Ke5 48. g3 g5 49. Kg2 f4 50.
gxf4+ gxf4 51. Rxf4 Rb1 52. Rd4 d2 53. Rxd2 Rxb4 54.
Re2 Kf5 55. f3 Kg6 56. Bf2 h5 57. h4 Kf5 58. Bg3 Rb3 59. Re5+ Kg6 60. Rg5+ Kh6 61. Bf4 Rb2+ 62. Kg3 Rb3 63. Rb5+ 1-0

[Event "*** SCC Grand Prix: Titled Tuesday Blitz"]
[Site "Chess.com"]
[Date "2020.09.29"]
[Round "9"]
[White "chessfrendz"]
[Black "ehrenfeld"]
[Result "1-0"]
[WhiteElo "2370"]
[BlackElo "2515"]
[TimeControl "180+1"]
[EndTime "11:45:02 PDT"]
[Termination "chessfrendz won on time"]

1. d4 Nf6 2. c4 e6 3. Nc3 Bb4 4. e3 b6 5. Ne2 Ba6 6. a3 Bxc3+ 7. Nxc3 d5 8. b3 O-O 9. Bd3 dxc4 10. bxc4 Nc6 11.
O-O Na5 12. Qe2 c5 13. d5 exd5 14. cxd5 Bxd3 15. Qxd3 c4 16. Qd4 Nb3 17. Qxc4 Nxa1 18. Bb2 Rc8 19. Qa2 Nc2 20. Rd1 Qc7 21. h3 Qc4 22.
Qxc4 Rxc4 23. Nb5 Rc5 24. Nxa7 Rxd5 25. Rc1 Rd2 26. Bc3 Rd3 27. Rxc2 Ne4 28. Bb4 Rfd8 29. Nb5 Rd1+ 30. Kh2 h5 31. Nd4 Rf1 32. Nc6 Rdd1 33. Ne7+ Kh7 34. g4 h4 35. Kg2 Ng5 36. f4 Rg1+ 37.
Kf2 Rdf1+ 38. Ke2 Re1+ 39. Kd3 Nf3 40. Rc8 Rd1+ 41. Ke4 Nd2+ 42. Ke5 Nf3+ 43. Ke4 f6 44. Kxf3 Rg3+ 45. Ke4 Rxh3 46. Nf5 Rhh1 47. Rc7 h3 48.
Rxg7+ Kh8 49. Rg6 h2 50. Rh6+ Kg8 51. Bc3 Rdg1 52. Bxf6 Rg2 53. Rh8+ Kf7 54. g5 Re2 55. Rh7+ Ke6 56. Nd4+ Kd6 57. Nxe2 1-0

[Event "*** SCC Grand Prix: Titled Tuesday Blitz"]
[Site "Chess.com"]
[Date "2020.09.29"]
[Round "9"]
[White "night_player"]
[Black "biostatistician"]
[Result "1-0"]
[WhiteElo "2242"]
[BlackElo "2558"]
[TimeControl "180+1"]
[EndTime "11:45:02 PDT"]
[Termination "night_player won by resignation"]

1. e4 e6 2. d4 d5 3. Nd2 Nc6 4.
c3 e5 5. exd5 Qxd5 6. dxe5 Nxe5 7. Ngf3 Nf6 8. Nxe5 Qxe5+ 9. Qe2 Bd6 10. Qxe5+ Bxe5 11. Nf3 Bd6 12. Bc4 Bg4 13. Nd4 O-O-O 14. O-O Bh5 15. Nf5 Bg6 16. Nxd6+ Rxd6 17. Bf4 Rb6 18. Bb3 Rd8 19. Rad1 a5 20. Rxd8+ Kxd8 21. Rd1+ Kc8 22. Be3 Rb5 23. c4 Re5 24. h3 Nd7 25. Bd4 Re2 26.
Bxg7 f6 27. c5 Rxb2 28. Be6 Be8 29. Bxf6 Rb5 30. Be7 a4 31. Rd4 Rb1+ 32. Kh2 Re1 33. Bxd7+ Bxd7 34. Bh4 Re2 35. a3 Rc2 36. Rf4 b5 37.
cxb6 cxb6 38. Rf8+ Kc7 39. Be7 Kc6 40. Bb4 Be6 41. Rf6 Kd5 42. Rh6 Rc7 43. f4 Rf7 44. Rh5+ Kc4 45. Re5 Bd7 46. g3 b5 47. Rc5+ Kb3 48. Re5 Bc6 49. Kg1 Rd7 50. Kf2 Rd3 51. Re3 Rxe3 52. Kxe3 Bd7 53. g4 h5 54. gxh5 Bxh3 55. Ke4 Be6 56. Ke5 Bg8 57. Kf6 Kc4 58.
Kg7 Bd5 59. f5 Kd4 60. f6 Ke5 61. f7 1-0

[Event "*** SCC Grand Prix: Titled Tuesday Blitz"]
[Site "Chess.com"]
[Date "2020.09.29"]
[Round "9"]
[White "GiantThresher"]
[Black "Savagelittlemole"]
[Result "1-0"]
[WhiteElo "2776"]
[BlackElo "2630"]
[TimeControl "180+1"]
[EndTime "11:45:05 PDT"]
[Termination "GiantThresher won by checkmate"]

1. e4 c5 2. Nc3 a6 3. Nf3 d6 4.
d4 cxd4 5. Nxd4 Nf6 6. h3 e5 7. Nb3 Be7 8. Be3 O-O 9. g4 Be6 10. g5 Nfd7 11. h4 Nc5 12. Nxc5 dxc5 13. Qxd8 Rxd8 14.
Bh3 Bxh3 15. Rxh3 Nc6 16. Nd5 Bf8 17. c3 b5 18. O-O-O c4 19. Rd2 b4 20. Nb6 bxc3 21. bxc3 Rxd2 22. Bxd2 Rb8 23. Nxc4 Rc8 24. Nb6 Rb8 25.
Be3 Ba3+ 26. Kc2 Na5 27. Rh1 Rd8 28. Rd1 Rxd1 29. Kxd1 f6 30. gxf6 gxf6 31. h5 Kf7 32. Kc2 Ke6 33. Kd3 Kd6 34. Nc4+ Nxc4 35. Kxc4 Kc6 36.
f3 Bf8 37. Bc1 Bg7 38. Ba3 Bh6 39. Be7 Bg5 40. Kd3 Bh4 41. c4 Bg5 42. Ke2 Bh4 43.
Kf1 Kd7 44. Ba3 Bg5 45. Kg2 Ke6 46. c5 Be3 47. c6 Bb6 48. Kg3 Bd4 49. Kg4 Be3 50.
Bb4 Bc1 51. c7 Kd7 52. Kf5 Bg5 53. Be7 Kxc7 54. Bxf6 Bd2 55. Bxe5+ Kd7 56. Bd4 Ke7 57. Bc5+ Kf7 58. e5 Bc3 59. e6+ Ke8 60. Ke4 Bf6 61. f4 Bh4 62. f5 Bf6 63. Kd5 Bd8 64. Bd4 Bg5 65. f6 Bh4 66. f7+ Kf8 67. h6 Be7 68. Bg7# 1-0

[Event "*** SCC Grand Prix: Titled Tuesday Blitz"]
[Site "Chess.com"]
[Date "2020.09.29"]
[Round "9"]
[White "seorobert1971"]
[Black "GelmanAlexander"]
[Result "1-0"]
[WhiteElo "2723"]
[BlackElo "2538"]
[TimeControl "180+1"]
[EndTime "11:45:06 PDT"]
[Termination "seorobert1971 won by resignation"]

1. c4 c5 2. Nc3 Nf6 3. Nf3 e6 4. g3 d6 5. Bg2 a6 6. O-O Be7 7. d4 cxd4 8. Nxd4 Nbd7 9. b3 O-O 10. Bb2 Qc7 11. Rc1 Ne5 12. h3 Bd7 13. Kh2 Rac8 14. Qd2 Qb8 15. Rfd1 Rfd8 16. f4 Ng6 17. e4 b5 18. f5 Ne5 19. fxe6 fxe6 20. cxb5 axb5 21.
Nce2 Rxc1 22. Rxc1 Re8 23. Nf4 Bd8 24. Rd1 Bc7 25. Nc2 Qa8 26. Nb4 Bc8 27. Qc2 Bb8 28.
Qe2 Bb7 29. Re1 Ba7 30. Qxb5 Nfg4+ 31. hxg4 Nxg4+ 32. Kh3 Nf2+ 33. Kh2 Ng4+ 34. Kh1 Nf2+ 35. Kg1 Nd3+ 36. Kf1 Nxb2 37. Bh3 Qc8 38. Bxe6+ Rxe6 39. Nxe6 Qxe6 40. Qxb7 Qf6+ 41. Kg2 Qf2+ 42. Kh3 Qxe1 43.
Qa8+ Kf7 44. Qxa7+ Kg6 45. Qd4 Qh1+ 46. Kg4 h5+ 47. Kf4 Qc1+ 48. Kf3 Qf1+ 49. Ke3 Qe1+ 50. Kf3 Qf1+ 51. Qf2 Qd1+ 52. Kg2 Nd3 53. Qf5+ Kh6 54. Nxd3 Qxd3 55. Qf4+ Kh7 56. Kh3 g6 57. Kh4 Qd1 58. Kg5 Qd4 59. Qf7+ Kh8 60. Qf8+ Kh7 61. Qh6+ Kg8 62.
Qxg6+ Kf8 63. Qf6+ 1-0

[Event "*** SCC Grand Prix: Titled Tuesday Blitz"]
[Site "Chess.com"]
[Date "2020.09.29"]
[Round "9"]
[White "AsaHoffmann"]
[Black "MVM2008"]
[Result "1-0"]
[WhiteElo "2412"]
[BlackElo "2236"]
[TimeControl "180+1"]
[EndTime "11:45:06 PDT"]
[Termination "AsaHoffmann won by resignation"]

1. d4 d5 2. Bg5 g6 3. Nc3 Bg7 4. Qd2 c6 5. Nf3 Nf6 6. Ne5 Nbd7 7. h4 Qb6 8. O-O-O Nxe5 9. dxe5 Ng4 10. f3 Nxe5 11. e4 dxe4 12. fxe4 Bg4 13. Be2 Rd8 14. Qxd8+ Qxd8 15. Rxd8+ Kxd8 16. Bxg4 Nxg4 17. Rf1 f6 18. Bd2 Bh6 19. Bxh6 Nxh6 20. e5 Ng4 21. exf6 exf6 22. Ne4 Rf8 23. Nc5 Kc8 24. Re1 Ne5 25. Nd3 Re8 26. Nxe5 Rxe5 27. Rf1 f5 28. Kd2 Re4 29.
Rh1 Rg4 30. Rh2 Kd7 31. Ke2 Kd6 32. Kf3 Rc4 33. c3 Ke5 34. g3 Re4 35. Rd2 f4 36. gxf4+ Rxf4+ 37. Kg3 Rf7 38. Rd8 Ke4 39. Kg4 Rf2 40.
Rd4+ Ke5 41. Rb4 b6 42. a4 Rg2+ 43. Kf3 Rg1 44. Re4+ Kf5 45. Re7 Rf1+ 46. Ke2 Rg1 47. Rxh7 a5 48. Kd3 Rg2 49. b4 Ra2 50. bxa5 bxa5 51. Rc7 Rxa4 52. Rxc6 Kg4 53. Rxg6+ Kxh4 54. c4 Ra3+ 55. Kd4 a4 56. c5 Ra1 57. Ra6 a3 58.
Kd5 a2 59. Kc6 Kg5 60. Kc7 Kf5 61. c6 Ke5 62. Kc8 Ke6 63. c7+ Ke7 64. Ra3 Kd6 65. Kd8 Rh1 66. c8=N+ Ke6 67. Rxa2 Rh8+ 68. Kc7 Rh7+ 69.
Kc6 Kf5 70. Nd6+ Kg5 71. Rf2 Rh6 72. Kd5 Rg6 73. Ke5 Rg8 74. Rg2+ Kh4 75. Rxg8 1-0

[Event "*** SCC Grand Prix: Titled Tuesday Blitz"]
[Site "Chess.com"]
[Date "2020.09.29"]
[Round "9"]
[White "PavelShkapenko"]
[Black "ajkom197"]
[Result "1-0"]
[WhiteElo "2719"]
[BlackElo "2478"]
[TimeControl "180+1"]
[EndTime "11:45:09 PDT"]
[Termination "PavelShkapenko won by resignation"]

1. e4 c6 2. d4 d5 3. e5 Bf5 4. h4 h5 5. Bd3 Bxd3 6. Qxd3 Qa5+ 7. Bd2 Qa6 8. e6 Qxd3 9. exf7+ Kxf7 10. cxd3 Nd7 11.
Nf3 g6 12. O-O Bg7 13. Re1 Re8 14. Ng5+ Kf8 15. Ne6+ Kf7 16. Nc3 Nh6 17. Bxh6 Bxh6 18. Re2 Nf8 19. Nxf8 Rhxf8 20. Na4 Bg7 21. Nc5 e5 22.
Nxb7 Rb8 23. Na5 exd4 24. Nxc6 Rb6 25. Na5 Bf6 26. Rc1 Re8 27. Rc7+ Kf8 28. Rxe8+ Kxe8 29. Nb3 a5 30. Ra7 Bxh4 31. Rxa5 Re6 32. g3 Bf6 33. Kf1 Rc6 34. Rc5 Ra6 35. Na5 Bd8 36. Nb7 Rb6 37.
Nxd8 Kxd8 38. Rxd5+ Ke7 39. b3 Rb4 40. Ke2 Ke6 41.
Rc5 Kf6 42. Rc4 Rb6 43. Rxd4 g5 44. Kf3 Ra6 45. a4 Rc6 46. Rc4 Rd6 47. Ke4 Re6+ 48. Kf3 Re1 49. d4 Rd1 50. a5 Rd3+ 51. Ke4 Rxb3 52.
Rc6+ Kf7 53. a6 h4 54. gxh4 gxh4 55. Rh6 h3 56. Ke5 Kg7 57. a7 Ra3 58. Rxh3 Rxa7 59. Rf3 Ra6 60. d5 Kg8 61. d6 Ra3 62. Rxa3 1-0

[Event "*** SCC Grand Prix: Titled Tuesday Blitz"]
[Site "Chess.com"]
[Date "2020.09.29"]
[Round "9"]
[White "ORS1984"]
[Black "aloe_normansen"]
[Result "0-1"]
[WhiteElo "2495"]
[BlackElo "2370"]
[TimeControl "180+1"]
[EndTime "11:45:10 PDT"]
[Termination "aloe_normansen won on time"]

1. e4 c5 2. Nf3 d6 3. d4 cxd4 4.
Qxd4 Nc6 5. Qe3 Nf6 6. Be2 e6 7. c4 Be7 8. O-O O-O 9. h3 Nb4 10. Na3 Bd7 11. Rd1 Qc7 12. Bd2 a5 13. Nd4 Rac8 14.
Rdc1 Bc6 15. Nab5 Qb8 16. a3 Na6 17. Na7 Nc5 18. Nxc8 Rxc8 19. Nxc6 bxc6 20. e5 dxe5 21. b4 Nce4 22. Rab1 Qc7 23. Be1 axb4 24. axb4 h6 25.
b5 Bc5 26. Qf3 Ng5 27. Qb3 Nfe4 28. Bd3 Nd6 29. h4 Nh7 30. Qc2 f5 31. Bb4 e4 32.
Bf1 Bxb4 33. Rxb4 c5 34. Rb2 e5 35. Ra2 Nf6 36. Rca1 Rb8 37. Ra7 Rb7 38. Ra8+ Kh7 39.
Qa2 f4 40. Qa5 Qd7 41. Qd8 Qf7 42. Qxd6 e3 43. Qxe5 exf2+ 44. Kxf2 Ng4+ 45. Kg1 Nxe5 46. Rd8 Ng4 47. Raa8 f3 48. h5 f2+ 49. Kh1 g5 50.
Rh8+ Kg7 51. g3 Qf3+ 52. Bg2 Qd1+ 0-1

[Event "*** SCC Grand Prix: Titled Tuesday Blitz"]
[Site "Chess.com"]
[Date "2020.09.29"]
[Round "9"]
[White "Hikaru"]
[Black "lachesisQ"]
[Result "1/2-1/2"]
[WhiteElo "3236"]
[BlackElo "3121"]
[TimeControl "180+1"]
[EndTime "11:45:11 PDT"]
[Termination "Game drawn by agreement"]

1. e4 c5 2. Nf3 d6 3. Bb5+ Nd7 4. Ba4 Nf6 5. d3 g6 6. O-O Bg7 7. c3 O-O 8. Re1 a6 9. d4 b5 10. Bc2 Bb7 11. Nbd2 Rc8 12. Nf1 cxd4 13. cxd4 Qc7 14. Bd3 e5 15. d5 Nc5 16. Bc2 Nh5 17. Be3 Nf4 18. Rc1 Qe7 19. g3 Nh5 20. b4 Nd7 21. Nh4 Nhf6 22. Bd3 Qd8 23. Qe2 Nb6 24. Rxc8 Bxc8 25.
Rc1 Bd7 26. f3 Qb8 27. Qf2 Na4 28. Ng2 Rc8 29. Qd2 Bf8 30. Rxc8 Qxc8 31. Qc2 Be7 32.
Qxc8+ Bxc8 33. Nd2 Bd8 34. Nb3 Nd7 35. Ne1 Nc3 36.
a3 Nb6 37. Na5 Nd1 38. Bh6 Bd7 39. Nc6 Bc7 40. Ne7+ Kh8 41. f4 Nb2 42. f5 Bd8 43.
f6 Bxe7 44. fxe7 Nc8 45. Be2 Nxe7 46. Bg5 Nc8 47. Bf6+ Kg8 48. Nc2 Nb6 49. Ne3 Kf8 50. g4 N2a4 51. Kf2 Nc3 52. Bd3 Nca4 53. g5 Nb2 54. Be2 Ke8 55. Ke1 N2c4 56. Nxc4 Nxc4 57. Bxc4 bxc4 58. Kd2 Bh3 59. Kc3 Bf1 60. a4 Kd7 61.
h4 Bg2 62. Kxc4 Bxe4 63. Bg7 Bc2 64. b5 axb5+ 65. axb5 Bd1 66. Bf8 Be2+ 67. Kb4 Bf3 68. Kc4 Be2+ 69. Kb4 Kc7 70. b6+ Kxb6 71. Bxd6 e4 72.
Bf4 1/2-1/2

[Event "*** SCC Grand Prix: Titled Tuesday Blitz"]
[Site "Chess.com"]
[Date "2020.09.29"]
[Round "9"]
[White "rynos0411"]
[Black "checkmatequen"]
[Result "1-0"]
[WhiteElo "2430"]
[BlackElo "2309"]
[TimeControl "180+1"]
[EndTime "11:45:11 PDT"]
[Termination "rynos0411 won on time"]

1. e4 c5 2. Nf3 e6 3. d3 Nc6 4.
Nbd2 Nf6 5. g3 g6 6. Bg2 Bg7 7. O-O d6 8. c3 O-O 9. Qc2 b5 10. Rd1 Bb7 11. Nf1 a5 12. h4 b4 13. Be3 Qc7 14.
N1h2 Ne5 15. a3 Nfg4 16. Bf4 Nxh2 17. Nxh2 bxc3 18. bxc3 a4 19. Rab1 c4 20. d4 Nd3 21.
Bxd6 Qxd6 22. Rxb7 e5 23. dxe5 Qxe5 24. Bf1 Qxe4 25. Rd7 Nc5 26. Qxe4 Nxe4 27. Rc7 Nxc3 28. Rc1 Nb5 29. R7xc4 Nxa3 30. Rb4 Rfb8 31. Rxb8+ Rxb8 32. Ng4 Nb5 33. Rb1 f5 34. Bc4+ Kf8 35. Ne3 a3 36. Nc2 a2 37. Bxa2 Rc8 38. Rxb5 Rxc2 39.
Rb8+ Ke7 40. Rb7+ Kd6 41. Rxg7 Rxa2 42. Rxh7 Ke6 43. Rh6 Kf6 44. h5 Kg5 45. Rxg6+ Kxh5 46. Rg8 Ra5 47. Kg2 Ra4 48. Kf3 Rb4 49. Kg2 Ra4 50.
f3 Rb4 51. Kh3 Ra4 52. g4+ fxg4+ 53. fxg4+ Kh6 54. Kh4 Rb4 55. Rc8 Rb6 56. Rc5 Kg6 57. Kg3 Rb3+ 58. Kh4 Rb6 59. Rf5 Ra6 60. Rg5+ Kh6 61.
Rg8 Ra4 62. Rh8+ Kg6 63. Rg8+ Kh6 64. Re8 1-0

[Event "*** SCC Grand Prix: Titled Tuesday Blitz"]
[Site "Chess.com"]
[Date "2020.09.29"]
[Round "9"]
[White "Playgood28"]
[Black "Roza_Idrisova"]
[Result "1/2-1/2"]
[WhiteElo "2317"]
[BlackElo "2149"]
[TimeControl "180+1"]
[EndTime "11:45:11 PDT"]
[Termination "Game drawn by repetition"]

1. d4 d5 2. c4 c6 3. Nd2 Nf6 4. Ngf3 a6 5. e3 b5 6. cxd5 cxd5 7. Bd3 Bg4 8. O-O e6 9. h3 Bh5 10. b3 Nbd7 11. Bb2 Bd6 12. Rc1 O-O 13. Qc2 Qa5 14. Bc3 Qb6 15. Ne5 Qb7 16. Nxd7 Qxd7 17. Bb2 Rfc8 18. Qb1 Bg6 19. Bxg6 hxg6 20. Rxc8+ Rxc8 21.
Rc1 Bb4 22. Nf3 Ne4 23. Ne5 Qb7 24. f3 Ng3 25. Kh2 Nf5 26. Rxc8+ Qxc8 27. Qd3 Bd6 28. Kg1 Bxe5 29. dxe5 Qc6 30. g4 Ne7 31. Qc3 Qxc3 32. Bxc3 Nc6 33. Kf2 g5 34. Kg3 Kh7 35. h4 gxh4+ 36. Kxh4 Kg6 37. f4 Kh6 38. Kg3 g6 39.
Kf3 Kg7 40. Ke2 Kf8 41. Kd3 Ke8 42. Ke2 Kd7 43. Kd3 Ke8 44. Ke2 Kd7 45. Kd3 b4 46. Bd2 a5 47. Bc1 Kc7 48. Bb2 Kb6 49. e4 dxe4+ 50. Kxe4 Ne7 51. Kd4 Kb5 52. Bc1 Nd5 53.
Bd2 a4 54. Ke4 axb3 55. axb3 Kc5 56. Kd3 Kb5 57. Kd4 Ne7 58. Ke4 Nd5 59. Kd4 Ne7 60.
Ke4 Nd5 61. Kd4 1/2-1/2

[Event "*** SCC Grand Prix: Titled Tuesday Blitz"]
[Site "Chess.com"]
[Date "2020.09.29"]
[Round "9"]
[White "Rytenko_V"]
[Black "Kira170"]
[Result "0-1"]
[WhiteElo "2532"]
[BlackElo "2778"]
[TimeControl "180+1"]
[EndTime "11:45:18 PDT"]
[Termination "Kira170 won on time"]

1. d4 Nf6 2. Bg5 e6 3. e4 h6 4. Bh4 g5 5. Bg3 Nxe4 6. Be5 Rg8 7. Bd3 Nf6 8. h4 d6 9. hxg5 hxg5 10. Bg3 Nc6 11. c3 Bd7 12. Nd2 Qe7 13. Ne2 O-O-O 14. Qa4 Kb8 15. Qb3 Bg7 16. Ba6 b6 17. a4 Rh8 18.
Rg1 Nh5 19. a5 Nxg3 20. Nxg3 Rh4 21. Nc4 Bxd4 22. cxd4 Nxd4 23. Qc3 b5 24. Ne3 c5 25. Ne2 Bc8 26. Bxc8 Rxc8 27. Rd1 Qb7 28. f3 f5 29. Kf2 e5 30. Qd3 g4 31. Nxd4 cxd4 32. Nxf5 g3+ 33.
Nxg3 Rg8 34. Nf5 Rh2 35. Qe4 Qxe4 36. fxe4 Rg4 37. Rde1 Kc7 38. Kf3 Rf4+ 39. Kg3 Rh8 40. Rgf1 Rg8+ 41. Kh2 Rfg4 42. g3 R4g6 43. Kg2 Kd7 44. Rf3 Rg5 45. Rh1 d5 46. Rh7+ Kd8 47. Ne7 dxe4 48. Nc6+ Kc8 49. Nxa7+ Kb8 50. Nc6+ Kc8 51.
Ne7+ Kb8 52. Nc6+ Kc8 53. Ra3 e3 54. Kf3 Rxg3+ 55. Ke4 e2 56. Ra1 Rg1 57. Na7+ Kd8 58. Nc6+ Ke8 59. Kd5 Rxa1 0-1

[Event "*** SCC Grand Prix: Titled Tuesday Blitz"]
[Site "Chess.com"]
[Date "2020.09.29"]
[Round "9"]
[White "UmarovSabir"]
[Black "pirulillo"]
[Result "1-0"]
[WhiteElo "2373"]
[BlackElo "2232"]
[TimeControl "180+1"]
[EndTime "11:45:20 PDT"]
[Termination "UmarovSabir won by resignation"]

1. e4 c5 2. a3 g6 3. Nf3 Bg7 4. Bc4 Nc6 5. O-O e6 6. Ba2 Nge7 7. Re1 O-O 8. d3 d5 9. Nc3 d4 10. Ne2 e5 11. h3 Qd6 12. Bd2 h6 13. Rb1 Be6 14. Bxe6 Qxe6 15. b4 b6 16. bxc5 bxc5 17.
c4 f5 18. Ng3 f4 19. Nf1 g5 20.
N3h2 Qg6 21. Rb7 h5 22. f3 Rfb8 23. Rxb8+ Rxb8 24. Qc2 Qe8 25. Rb1 Qc8 26. Rb5 Nd8 27. Qb3 Rb7 28. Ba5 a6 29. Rxb7 Qxb7 30. Qxb7 Nxb7 31.
Bc7 Nc6 32. Nd2 Kf7 33. Nb3 Bf8 34. Kf2 Ke6 35. Nf1 Be7 36. Nfd2 Bd8 37. Bxd8 Ncxd8 38. g4 fxg3+ 39. Kxg3 Kf6 40. h4 Ne6 41. hxg5+ Kxg5 42. Nc1 h4+ 43. Kf2 Nf4 44. Ndb3 Kf6 45. Kg1 Ke6 46.
Kf2 Kd6 47. Kg1 Nd8 48. Kf2 Nde6 49. Na5 Ng5 50. Nb7+ Kc6 51. Na5+ Kb6 52. Nab3 h3 53. Kg3 h2 54. Kxh2 Nxf3+ 55. Kg3 Ne1 56. Kg4 Nexd3 57.
Nxd3 Nxd3 58. Kf5 a5 59. a4 Nb2 60. Kxe5 Nxc4+ 61. Kd5 Ne3+ 62. Kd6 Nc2 63. Nxc5 Nb4 64. e5 Nc6 65. e6 d3 66. Nxd3 Nd4 67. e7 Nf5+ 68.
Kd7 Nxe7 69. Kxe7 Kc6 70. Ke6 Kb6 71. Kd6 Ka6 72. Kc6 Ka7 73. Kb5 Kb7 74. Kxa5 Kc7 75. Ka6 Kd6 76. Kb6 1-0

[Event "*** SCC Grand Prix: Titled Tuesday Blitz"]
[Site "Chess.com"]
[Date "2020.09.29"]
[Round "9"]
[White "Ze-Pequeno"]
[Black "FearNoEvil12"]
[Result "1-0"]
[WhiteElo "2246"]
[BlackElo "2071"]
[TimeControl "180+1"]
[EndTime "11:45:20 PDT"]
[Termination "Ze-Pequeno won on time"]

1. Nf3 b5 2. e4 a6 3. d4 Bb7 4.
Bd3 e6 5. O-O Nf6 6. Qe2 d6 7.
a4 b4 8. c4 bxc3 9. Nxc3 Nbd7 10. Re1 h6 11. Bd2 g5 12. h3 g4 13. hxg4 Nxg4 14. Bf4 h5 15. Nh2 Rg8 16. Nxg4 Rxg4 17. Bh2 Qg5 18. f3 Rh4 19. g3 Bg7 20. Qf2 c5 21. Ne2 cxd4 22. Kh1 Rh3 23. Qg2 Rxh2+ 24. Kxh2 h4 25. f4 hxg3+ 26. Qxg3 Qh5+ 27. Qh3 Qxh3+ 28. Kxh3 Ke7 29. Rg1 Bf6 30. Kg3 Nc5 31. Rad1 Bxe4 32. Bxe4 Nxe4+ 33. Kf3 Nc5 34. Nxd4 Nxa4 35. b3 Nc5 36. b4 Nd7 37. Nc6+ Kf8 38. Rxd6 Rc8 39. Rxd7 Rxc6 40. Rh1 Rb6 41. Rh7 Ke8 42. Ra7 Be7 43.
Rh8+ Bf8 44. Ra8+ Ke7 45. Rhxf8 Rxb4 46. Rfb8 Ra4 47. Rb7+ Kf6 48. Rf8 Ra3+ 49. Kg4 Kg6 50. Rfxf7 a5 51. Rg7+ Kh6 52. Rh7+ Kg6 53. Rbg7+ Kf6 54.
Rf7+ Kg6 55. Rhg7+ Kh6 56. Re7 Re3 57. Rh7+ Kg6 58. Reg7+ Kf6 59. Ra7 Kg6 60. Rhg7+ Kf6 61. Rgf7+ Kg6 62. Rfe7 Kf6 63. Reb7 a4 64. Rxa4 Re1 65.
Ra3 Rg1+ 66. Rg3 Re1 67. Rb5 Re2 68. Rh5 Re1 69. Rh6+ Kg7 70. Rgh3 Kf7 71. Rh7+ Ke8 72. R3h6 Re2 73. Kf3 Re1 74. Ra7 1-0

[Event "*** SCC Grand Prix: Titled Tuesday Blitz"]
[Site "Chess.com"]
[Date "2020.09.29"]
[Round "9"]
[White "kreonx"]
[Black "stolencandy13"]
[Result "0-1"]
[WhiteElo "2357"]
[BlackElo "2470"]
[TimeControl "180+1"]
[EndTime "11:45:21 PDT"]
[Termination "stolencandy13 won by resignation"]

1. e4 c6 2. d4 d5 3. e5 Bf5 4.
Nf3 e6 5. Be2 Nd7 6. O-O Bg6 7.
Nbd2 Nh6 8. Nb3 Nf5 9. Ne1 Be7 10.
c4 O-O 11. cxd5 cxd5 12. Nd3 Rc8 13. Bd2 f6 14. Nf4 Bf7 15. Bc3 fxe5 16. dxe5 Rxc3 17. bxc3 Nxe5 18. Nd3 Nc4 19. Nd4 Nxd4 20. cxd4 Bf6 21.
Nb4 Qb6 22. Nc2 Bg6 23. Re1 Rc8 24. Ne3 Bxd4 25. Rc1 Rc6 26. Bxc4 dxc4 27. Qf3 c3 28. Nc2 Bf6 29. Qe3 Qxe3 30. Nxe3 c2 31. Re2 Bb2 32. Rcxc2 Bxc2 33. Nxc2 Kf7 34. f4 g6 35. Kf2 Bf6 36. Kf3 Rc3+ 37. Ke4 Be7 38. g3 h5 39. Nd4 Bc5 40. Nb3 Bb6 41. Re1 Rc4+ 42. Kd3 Ra4 43. Re2 h4 44. Rc2 hxg3 45.
hxg3 Kf6 46. Ke2 Kf5 47. Kf3 g5 48. fxg5 Kxg5 49. Re2 Kf5 50. Rh2 Kf6 51. Rh6+ Ke7 52. Rh7+ Kd6 53. Rxb7 Rxa2 54. g4 Ra3 55. Ke4 Rxb3 56.
g5 Rb4+ 57. Kf3 Rb3+ 58. Kg4 Rb1 59. g6 Rg1+ 60. Kh5 Bd4 61. Kh6 Kd5 62. Kh7 Be5 63.
Rd7+ Ke4 64. Rxa7 Kf5 65. Rf7+ Bf6 66. g7 Rh1+ 67. Kg8 Rg1 68. Kf8 Rxg7 69. Rxg7 Bxg7+ 70. Ke7 e5 71. Kd6 e4 72. Kd5 e3 73. Kc4 e2 74.
Kd3 e1=Q 0-1

[Event "*** SCC Grand Prix: Titled Tuesday Blitz"]
[Site "Chess.com"]
[Date "2020.09.29"]
[Round "9"]
[White "Teidi96"]
[Black "mjray79"]
[Result "1/2-1/2"]
[WhiteElo "2318"]
[BlackElo "2426"]
[TimeControl "180+1"]
[EndTime "11:45:21 PDT"]
[Termination "Game drawn by repetition"]

1. e4 e5 2. Nf3 Nc6 3. d4 exd4 4. Bc4 Bc5 5. O-O Nf6 6. e5 d5 7. Bb5 Ne4 8. Nxd4 Bd7 9. Bxc6 bxc6 10. f3 Ng5 11. f4 Ne4 12. Be3 O-O 13. Nd2 Nxd2 14.
Qxd2 Qe7 15. Nb3 Bxe3+ 16. Qxe3 f6 17. Nc5 fxe5 18. fxe5 Bf5 19. c3 Rae8 20. Rae1 Rb8 21.
b4 a5 22. a3 axb4 23. axb4 Ra8 24. Ra1 Rxa1 25. Rxa1 Re8 26. Re1 Be4 27. Nxe4 Qxe5 28. Qc5 dxe4 29. Qxc6 e3 30. c4 e2 31. Qd5+ Qxd5 32.
cxd5 Re4 33. Kf2 Rxb4 34. Rxe2 Rc4 35. Re7 Rc5 36. Rd7 h6 37. h4 h5 38. Kf3 Kh7 39. g3 Kg6 40. d6 cxd6 41. Rxd6+ Kf5 42.
Rd3 g6 43. Re3 Rd5 44. Ra3 Re5 45. Ra8 Kf6 46. Rf8+ Kg7 47. Ra8 Rf5+ 48. Kg2 g5 49. Ra7+ Kg6 50. Ra6+ Kf7 51. hxg5 Rxg5 52. Kh3 Kg7 53.
Kh4 Rf5 54. Ra7+ Kg6 55. Ra6+ Kf7 56. Rh6 Rf1 57. Rxh5 Kg6 58. Rg5+ Kh6 59. Ra5 Rh1+ 60. Kg4 Rc1 61. Ra6+ Kg7 62. Kh4 Rc4+ 63. g4 Rd4 64. Kg5 Rd5+ 65. Kh4 Rc5 66. g5 Rc1 67. Ra7+ Kg6 68.
Ra6+ Kg7 69. Ra7+ Kg6 70. Ra6+ Kg7 1/2-1/2

[Event "*** SCC Grand Prix: Titled Tuesday Blitz"]
[Site "Chess.com"]
[Date "2020.09.29"]
[Round "9"]
[White "awesomevishesh"]
[Black "dosto07"]
[Result "1-0"]
[WhiteElo "2420"]
[BlackElo "2293"]
[TimeControl "180+1"]
[EndTime "11:45:21 PDT"]
[Termination "awesomevishesh won by checkmate"]

1. e4 e5 2. Nf3 Nc6 3. Bb5 a6 4. Ba4 Nf6 5. O-O Be7 6. Re1 b5 7. Bb3 O-O 8. a4 b4 9. d4 d6 10. dxe5 Nxe5 11. Nxe5 dxe5 12. Qe2 Bc5 13. Be3 Bd4 14. Qd3 Bxb2 15. Bxf7+ Kh8 16. Qxd8 Rxd8 17. Ra2 Bd4 18. Bxd4 Rxd4 19. c3 bxc3 20. Nxc3 Bb7 21. f3 Rad8 22. Rb2 Bc6 23. a5 g6 24. Rc1 Kg7 25. Ba2 R8d6 26. Rcc2 Rd3 27. Kf2 g5 28. Ne2 g4 29. Bc4 Ra3 30. Ra2 Rxa2 31. Rxa2 gxf3 32. gxf3 Bb7 33. Rb2 Bc8 34. Rb8 Bd7 35. Rb7 Rc6 36.
Bd3 Bc8 37. Rb8 Be6 38. Ra8 Bc4 39. Bxc4 Rxc4 40. Rxa6 Ra4 41. Ra7 Kg6 42. a6 Ra2 43. Ke3 Nd7 44. Nc3 Nb6 45. Nxa2 Nc4+ 46. Kd3 Nd6 47.
Rxc7 Nb5 48. Rc6+ Kg5 49. Kc4 Na7 50. Rc7 Kf4 51. Rxa7 Ke3 52. Rf7 Kf2 53. a7 Kg1 54.
a8=Q Kh1 55. Qd5 Kg2 56. Qd2+ Kh3 57. Qg5 Kxh2 58. Qg3+ Kxg3 59. Rxh7 Kf4 60. Kd5 Ke3 61. Kxe5 Kxf3 62. Kf5 Ke3 63. e5 Kd4 64. e6 Kc5 65. e7 Kd6 66. e8=Q Kc5 67. Rd7 Kb6 68. Qc8 Kb5 69. Rb7+ Ka6 70. Qa8# 1-0

[Event "*** SCC Grand Prix: Titled Tuesday Blitz"]
[Site "Chess.com"]
[Date "2020.09.29"]
[Round "9"]
[White "tlomigtlis"]
[Black "mr_gustavo"]
[Result "0-1"]
[WhiteElo "2519"]
[BlackElo "2391"]
[TimeControl "180+1"]
[EndTime "11:45:23 PDT"]
[Termination "mr_gustavo won by resignation"]

1. d4 d5 2. c4 c6 3. Nf3 Nf6 4. Nc3 e6 5. Bg5 Nbd7 6. e3 Qa5 7. cxd5 Nxd5 8. Qd2 Bb4 9. Rc1 Nxc3 10. bxc3 Ba3 11.
Rb1 b6 12. Bd3 Ba6 13. O-O Bxd3 14. Qxd3 O-O 15. c4 Rfe8 16. Bh4 Bf8 17. Rfd1 Rac8 18. e4 c5 19. d5 exd5 20. Qxd5 Nb8 21. Ng5 Rc7 22. Bg3 Rd7 23. Qf5 g6 24. Qh3 Rxd1+ 25.
Rxd1 h6 26. Nxf7 Kxf7 27. Bxb8 Rxb8 28. Qd7+ Be7 29. Qd5+ Kf8 30. Qe5 Rd8 31. Qh8+ Kf7 32. Qh7+ Kf6 33. e5+ Ke6 34. Qxg6+ Kxe5 35. f4+ Kxf4 36.
Qf7+ Kg4 37. h3+ Kg5 38. Qxe7+ Kg6 39. Qxd8 Qc3 40. Rd6+ Kf5 41. Qf8+ Ke4 42. Qe7+ Kf5 43. Rf6+ Qxf6 44. Qd7+ Qe6 45. Qd3+ Qe4 46. Qd7+ Ke5 47. Qxa7 Qxc4 48. Qxb6 Qc1+ 49. Kf2 Qf4+ 50. Ke2 Qe4+ 51. Kd2 Qd4+ 52. Kc2 Qf2+ 53. Kb1 Qg1+ 54. Kb2 Qxg2+ 55. Ka1 Qf1+ 56. Qb1 Qxh3 57. Qe1+ Kd4 58. Kb2 Qd3 59. Qh4+ Qe4 60. Qxh6 Qe2+ 61. Kb3 Qb5+ 62. Kc2 Qc4+ 63. Kb2 Qc3+ 64. Kb1 Qe1+ 65. Qc1 Qb4+ 66. Kc2 Qa4+ 67. Kb2 Qb4+ 68. Ka1 Qc3+ 69. Kb1 Qxc1+ 70. Kxc1 Kc3 71. Kb1 Kd2 72. Kb2 c4 73. a4 c3+ 74. Ka3 c2 75. Kb4 c1=Q 76. a5 Qc8 77. Kb5 Qa8 78. Kb6 Kd3 79. a6 Kd4 80. a7 Kd5 0-1